 Dungeon Crawl Stone Soup version 0.31-a0-626-g8143ab4f1d (webtiles) character file.

Game seed: 11505661818670305822

13607 ytrimaz the Mimic (level 12, -1/70 HPs)
             Began as an Octopode Shapeshifter on Aug 24, 2023.
             Was a Follower of Ashenzari.
             Slain by a water moccasin (9 damage)
             ... on level 10 of the Dungeon.
             The game lasted 00:19:22 (11570 turns).

ytrimaz the Mimic (Octopode Shapeshifter)          Turns: 11570, Time: 00:19:22

Health: -1/70      AC:  1    Str: 22    XL:     12   Next: 7%
Magic:  21/21      EV: 26    Int: 10    God:    Ashenzari [*.....]
Gold:   468        SH:  0    Dex: 22    Spells: 11/11 levels left

rFire   . .          .
                       - Unarmed
rCold   . . .        (shield currently unavailable)
rNeg    . . .        (helmet restricted)
rPois   .            q - amulet of magic regeneration
rElec   .            d - +6 ring of dexterity
rCorr   .            g - ring of Desmomancy {MP+9, Comp, Cun} (curse)
SInv    .            k - ring "Thunder Perfect Mind" {Will+, Alch, Self} (curse)
Will    +....        s - +6 ring of strength
Stlth   +            x - ring of Desmomancy {EV+5, Self, Dev} (curse)
HPRegen 1.11/turn    (no ring)
MPRegen 0.57/turn    (no ring)
                     (no ring)

%: no passive effects
@: lethally poisoned (-1 -> -2), flux-form, glowing
A: glow, contaminating, almost no armour, amphibious, 8 rings, camouflage 1,
gelatinous body 1, (nimble swimmer 1), tentacles, regeneration 1
a: Begin Untransformation, Renounce Religion, Shatter the Chains


You were on level 10 of the Dungeon.
You worshipped Ashenzari.
Ashenzari was aware of your devotion.
You were something dangerously unstable.
You visited 3 branches of the dungeon, and saw 14 of its levels.
You also visited: Sewer and Gauntlet.

You collected 1015 gold pieces.
You spent 547 gold pieces at shops.


Innate Abilities, Weirdness & Mutations

You are something dangerously unstable.
You glow with magical radiation, making you easy to see and hit.
Foes you strike become dangerously contaminated with magical radiation.
You are incapable of wielding weapons or throwing items.
You cannot wear most types of armour.
You are amphibious.
You can wear up to eight rings at the same time.
Your skin changes colour to match your surroundings (Stealth+).
Your rubbery body absorbs attacks. (AC +1, EV +1)
((You are camouflaged when in or above water. (Stealth+)))
You have tentacles for arms and can constrict up to eight enemies at once.
Your natural rate of healing is unusually fast.


   Skills:
 - Level 1.0(1.7) Fighting
 + Level 9.3(10.1) Dodging
 - Level 10.0 Unarmed Combat
 - Level 13.2(14.0) Shapeshifting


You had 11 spell levels left.
You didn't know any spells.
Your spell library contained the following spells:

 Spells                   Type           Power      Damage    Failure   Level
 Foxfire                  Conj/Fire      0%         2x1d4     36%         1
 Poisonous Vapours        Pois/Air       0%         N/A       50%         2
 Inner Flame              Hex/Fire       0%         N/A       75%         3
 Mephitic Cloud           Conj/Pois/Air  0%         N/A       75%         3
 Stone Arrow              Conj/Erth      0%         3d7       75%         3
 Freezing Cloud           Conj/Ice/Air   0%         6-21      100%        5
 Summon Forest            Summ/Tloc      0%         N/A       100%        5
 Summon Mana Viper        Hex/Summ       0%         N/A       100%        5
 Yara's Violent Unravell  Hex/Tmut       0%         3d3       100%        5
 Plasma Beam              Fire/Air       0%         2x1d10    100%        6
 Starburst                Conj/Fire      0%         6d3       100%        6
 Summon Cactus Giant      Summ           0%         N/A       100%        6
 Enfeeble                 Hex            0%         N/A       100%        7
 Lehudib's Crystal Spear  Conj/Erth      0%         10d2      100%        8
 Animate Armour           Summ/Erth      Unusable   N/A       N/A         4

Inventory:

Missiles
 w - 2 throwing nets
Jewellery
 d - a +6 ring of dexterity (left tentacle)
   (You found it on level 2 of the Dungeon)
 g - the cursed ring of Desmomancy (right tentacle) {MP+9, Comp, Cun}
   (You found it on level 2 of the Dungeon)

   [ring of magical power]

   MP+9:      It affects your magic capacity (+9).
   It has a curse which improves the following skills: Companions: Summonings
   and Necromancy.
   Cunning:   Dodging and Stealth.
 k - the cursed ring "Thunder Perfect Mind" (on tentacle) {Will+, Alch, Self}
   (You found it on level 3 of the Dungeon)

   [ring of willpower]

   Will+:     It increases your willpower.
   It has a curse which improves the following skills: Alchemy: Poison Magic and
   Transmutations.
   Introspection: Fighting and Spellcasting.
 p - an amulet of faith
   (You bought it in a shop on level 1 of the Dungeon)
 q - an amulet of magic regeneration (around mantle)
   (You found it on level 3 of the Dungeon)
 s - a +6 ring of strength (on tentacle)
   (You found it on level 5 of the Dungeon)
 x - the cursed ring of Desmomancy (on tentacle) {EV+5, Self, Dev}
   (You bought it in a shop on level 3 of the Dungeon)

   [ring of evasion]

   EV+5:      It affects your evasion (+5).
   It has a curse which improves the following skills: Introspection: Fighting
   and Spellcasting.
   Devices:   Evocations and Shapeshifting.
Talismans
 b - a beast talisman
 c - a flux talisman (active)
Wands
 t - a wand of flame (34) (quivered)
   (You found it on level 6 of the Dungeon)
 y - a wand of polymorph (8)
   (You found it on level 8 of the Dungeon)
Scrolls
 f - 3 scrolls of fog
 h - 4 scrolls of teleportation
 i - 2 scrolls of enchant weapon
 j - 5 scrolls of amnesia
 l - a scroll of poison
 m - 6 scrolls of vulnerability
 o - a scroll of immolation
 r - a scroll of blinking
 C - a scroll of fear
 D - 2 scrolls of revelation
Potions
 a - a potion of mutation
 e - 4 potions of attraction
 n - a potion of haste
 u - a potion of brilliance
 v - a potion of lignification
 z - a potion of magic
 A - a potion of enlightenment
 B - a potion of curing

Dungeon Overview and Level Annotations

Branches:
Dungeon (11/15) Zot: 24608  Temple (1/1) D:7 Zot: 5931    Lair (0/5) D:8
    Orc (2/2) D:9 Zot: 10884   Sewer (visited)         Gauntlet (visited)
    Elf: Orc:2

Altars:
Ashenzari
Dithmenos
Elyvilon
Fedhas
Gozag
Hepliaklqana
Kikubaaqudgha
Makhleb
Nemelex Xobeh
Okawaru
Qazlal
Ru
Sif Muna
Trog
Uskayaw
Vehumet
Wu Jian
Xom
Yredelemnul
Zin
The Shining One

Shops:
D:1 [[[[*   D:3 =

Annotations:
D:4 1 runed translucent door, GoodGuyCap's ghost, amateur OpSh
D:7 1 runed translucent door, Crazy Yiuf
D:8 exclusion: two-headed ogre
Orc:2 Rupert

#....# ##....##.. ~~≈≈.##
##..## #≈....##.. #~~≈≈~#
#.~# ##≈.....#.. #~S≈≈..
#~≈## #~~≈....#.. ≈~..#
#~≈≈###~≈≈....#.. S..#
####~≈≈####~.####.. #.##
#.†~≈≈≈###...# #..
#..####S#~≈###..#.# #..
#.....†B#≈.#.†..### #..
#####.###~.####..## #..
#####≈.## ##..# #..
###≈≈..#####†# #..
#######≈≈≈≈......†#####..
.........................
.(..............†........
.........................
.........................


You could see a water moccasin (contam).


Message History

😮 HP[-2]
You take 2 damage, and now have 48/70 hp.
Unknown command.
You feel very sick. 😮 HP[-2]
You take 2 damage, and now have 46/70 hp.
You feel very sick.
The water moccasin attacks as it pursues you!
The water moccasin completely misses you.
The water moccasin bites you.
You are more poisoned.
The water moccasin poisons you! 😮 HP[-4]
You take 4 damage, and now have 42/70 hp.
Unknown command.
Unknown command.
You closely miss the water moccasin. You grab the water moccasin.
You squeeze the water moccasin. You constrict the water moccasin.
You feel very sick. The water moccasin misses you. 😮 HP[-4]
You take 4 damage, and now have 38/70 hp.
Unknown command.
You tentacle-slap the water moccasin.
The water moccasin begins to glow.
You squeeze the water moccasin. You constrict the water moccasin.
You feel very sick.
The water moccasin completely misses you.
The water moccasin closely misses you.
The water moccasin barely misses you. 😨 HP[-3]
You take 3 damage, and now have 35/70 hp.
Unknown command.
You release your grip on the water moccasin.
You feel very sick.
The water moccasin stops glowing. 😨 HP[-3]
You take 3 damage, and now have 32/70 hp.
Unknown command.
You tentacle-slap the water moccasin.
You kill the water moccasin!
You feel sick. 😨 HP[-1]
You take 1 damage, and now have 31/70 hp.
You barely miss the water moccasin. You grab the water moccasin.
You squeeze the water moccasin. You constrict the water moccasin.
You feel sick.
The water moccasin escapes! 😨 HP[-2]
You take 2 damage, and now have 29/70 hp.
Unknown command.
You barely miss the water moccasin. Your grab misses the water moccasin.
You feel sick. The water moccasin misses you.
The water moccasin completely misses you. 😨 HP[-1]
You take 1 damage, and now have 28/70 hp.
You bludgeon the water moccasin!
The water moccasin begins to glow.
You grab the water moccasin. You squeeze the water moccasin.
You constrict the water moccasin.
You feel sick. The water moccasin closely misses you.
The water moccasin bites you!
* * * LOW HITPOINT WARNING * * *
You are more poisoned.
The water moccasin poisons you! The water moccasin misses you. 😨 HP[-9]
You take 9 damage, and now have 19/70 hp.
You tentacle-slap the water moccasin.
The water moccasin glows dangerously bright.
You squeeze the water moccasin!
You kill the water moccasin!
You feel very sick.
The water moccasin completely misses you. 😱 HP[-2]
You take 2 damage, and now have 17/70 hp.
You closely miss the water moccasin. You grab the water moccasin.
You constrict the water moccasin.
You feel sick. The water moccasin misses you. The water moccasin bites you.
* * * LOW HITPOINT WARNING * * *
The water moccasin completely misses you. 😱 HP[-3]
You take 3 damage, and now have 14/70 hp.
Unknown command.
You tentacle-slap the water moccasin.
The water moccasin begins to glow.
You squeeze the water moccasin. You constrict the water moccasin.
You feel very sick. The water moccasin closely misses you.
The water moccasin misses you. 😱 HP[-2]
You take 2 damage, and now have 12/70 hp.
You tentacle-slap the water moccasin.
The water moccasin glows dangerously bright.
You constrict the water moccasin.
You feel sick.
The water moccasin completely misses you. x2
Unknown command.
You bludgeon the water moccasin!
You kill the water moccasin!
You feel sick. The water moccasin bites you.
* * * LOW HITPOINT WARNING * * *
😱 HP[-4]
You take 4 damage, and now have 8/70 hp.
Unknown command.
You tentacle-slap the water moccasin.
The water moccasin begins to glow.
Your grab misses the water moccasin.
You feel sick. The water moccasin bites you!
You die...

Skill      XL: |  1  2  3  4  5  6  7  8  9 10 11 |
---------------+----------------------------------+-----
Dodging        | 3 4 5 6 9 |  9.3
Unarmed Combat | 4 5 6 7 9 10 | 10.0
Shapeshifting  | 4 5 7 9 11 13 | 13.2
Fighting       | |  1.0

Action                     |  1- 3 |  4- 6 |  7- 9 | 10-12 || total
---------------------------+-------+-------+-------+-------++-------
  Melee: Unarmed           |    87 |    86 |   194 |   449 ||   816
         Constrict         |    25 |    13 |    47 |   111 ||   196
         Tentacles         |    14 |    12 |    55 |   135 ||   216
         Punch             |     4 |     5 |    12 |    33 ||    54
 Invoke: Curse Item        |       |       |       |     3 ||     3
  Evoke: Wand              |       |       |       |     3 ||     3
    Use: Scroll            |     5 |       |     7 |     6 ||    18
         Potion            |       |     6 |     2 |     4 ||    12
   Stab: Sleeping          |     6 |     5 |    11 |     2 ||    24
         Distracted        |     1 |       |     1 |     1 ||     3
 Armour: Skin              |     9 |    32 |    16 |     9 ||    66
  Dodge: Dodged            |    47 |    45 |   122 |   472 ||   686
   Form: Flux              |       |       |       |     2 ||     2
         Beast             |       |       |       |     1 ||     1

Levels and vault maps discovered:
D:1:      reono_arrival_forest_river, layout_basic, serial_shops, shop,
          nicolae_shop_overgrown_old_shop, shop, shop, shop
D:2:      layout_loops_corners, hellmonk_ecumenical_altar_lost_god, basic_altar,
          minmay_rat_hole
D:3:      layout_loops_ring, mainiacjoe_overflow_tiny_flanked, serial_shops,
          shop, uniq_sigmund
D:4:      layout_rooms, overflow_temple_1_default, gup_sewer_entry_glass,
          hellmonk_ghost_happy_afterlife
D:5:      minmay_bubble_buster, layout_basic, minmay_misc_feat_chi
D:6:      layout_basic, uniq_grinder, uniq_prince_ribbit1, uniq_eustachio
D:7:      layout_basic, mainiacjoe_overflow_small_starburst,
          minmay_temple_entry_mist, kennysheep_minor_cross,
          minmay_joined_circles, uniq_crazy_yiuf_cottage, uniq_joseph
D:8:      layout_basic, lair_entry_dummy, minmay_crystal_room,
          minmay_statues_item
D:9:      layout_stronghold, orc_0_dummy
D:10:     lemuel_reptile_caves, layout_irregular_city, kennysheep_slug_shrine,
          uniq_lodul
D:11:     layout_irregular_city, gauntlet_entry_generic
Temple:   regret_index_temple_mists
Orc:1:    layout_caves, serial_shops, shop_statue, gammafunk_ghost_necromancy,
          minmay_orc_treasury, uniq_gastronok, uniq_harold
Orc:2:    st_orc_town, layout_diamond_mine, serial_shops,
          nicolae_shop_back_alley_shop, uniq_rupert, uniq_urug

Notes
Turn   | Place    | Note
-------+----------+-------------------------------------------
     0 | D:1      | ytrimaz the Octopode Shapeshifter began the quest for the
                  | Orb.
     0 | D:1      | Reached XP level 1. HP: 13/13 MP: 1/1
     0 | D:1      | magus.rc [v1.9.6]
    23 | D:1      | Found Fiadakk's Armour Boutique.
    25 | D:1      | Found Nise Ike's Antique Armour Shop.
   116 | D:1      | Reached XP level 2. HP: 15/18 MP: 2/2
   145 | D:1      | Found Tamoud's Armour Emporium.
   160 | D:1      | You pick up a book of Armaments and begin reading...
   160 | D:1      | You add the spells Stone Arrow and Lehudib's Crystal Spear
                  | to your library.
   232 | D:1      | Found Dotwyavo's Antique Armour Emporium.
   424 | D:1      | You pick up a book of Fire and begin reading...
   424 | D:1      | You add the spells Foxfire, Plasma Beam and Starburst to
                  | your library.
   437 | D:1      | Reached XP level 3. HP: 23/23 MP: 3/3
   591 | D:1      | Found Plog's Assorted Antiques.
   915 | D:2      | Found an iron altar of Okawaru.
  1106 | D:2      | Found a faded altar of an unknown god.
  1382 | D:2      | Reached XP level 4. HP: 17/28 MP: 4/4
  1784 | D:1      | Bought a square emerald amulet for 115 gold pieces
  1867 | D:3      | Noticed Sigmund
  1885 | D:3      | HP: 6/42 [Sigmund/+0 scythe (8)]
  1889 | D:3      | Killed Sigmund
  1890 | D:3      | Reached skill level 3 in Dodging
  1890 | D:3      | Reached skill level 4 in Unarmed Combat
  1890 | D:3      | Reached skill level 4 in Shapeshifting
  1890 | D:3      | Reached XP level 5. HP: 8/33 MP: 5/5
  1896 | D:3      | Reached XP level 6. HP: 11/38 MP: 6/6
  2076 | D:3      | Found a basalt altar of Yredelemnul.
  2151 | D:3      | Reached skill level 5 in Unarmed Combat
  2411 | D:3      | Found Kuown's Jewellery Boutique.
  2456 | D:3      | Reached skill level 4 in Dodging
  2793 | D:4      | Gained mutation: Your natural rate of healing is unusually
                  | fast. [potion of mutation]
  2810 | D:4      | Reached XP level 7. HP: 40/43 MP: 7/7
  2815 | D:4      | Reached skill level 5 in Shapeshifting
  2861 | D:4      | Found a shimmering altar of Xom.
  2885 | D:4      | Found a glowing drain.
  2925 | Sewer    | Entered a sewer
  2951 | Sewer    | Noticed Pargi
  2959 | Sewer    | Killed Pargi
  3109 | D:4      | Found a runed translucent door.
  3110 | D:4      | Noticed GoodGuyCap's ghost (amateur OpSh)
  3387 | D:5      | Entered Level 5 of the Dungeon
  3433 | D:5      | Reached skill level 5 in Dodging
  3489 | D:5      | Reached skill level 6 in Unarmed Combat
  3489 | D:5      | Reached XP level 8. HP: 37/48 MP: 8/8
  3524 | D:5      | Reached skill level 6 in Shapeshifting
  3999 | D:5      | HP: 8/48 [ogre/+0 giant club (22)]
  4243 | D:6      | Reached skill level 7 in Unarmed Combat
  4277 | D:6      | Reached skill level 7 in Shapeshifting
  4426 | D:6      | Reached XP level 9. HP: 53/53 MP: 9/9
  4525 | D:6      | Found the +7 Kryia's mail coat {PotionHeal*2 rC+}
  4526 | D:6      | Noticed Grinder
  4568 | D:6      | Reached skill level 8 in Unarmed Combat
  4582 | D:6      | Killed Grinder
  4633 | D:6      | Noticed Prince Ribbit
  4647 | D:6      | Killed Prince Ribbit
  4771 | D:6      | Reached skill level 8 in Shapeshifting
  5286 | D:6      | Noticed Eustachio
  5298 | D:6      | Killed Eustachio
  5461 | D:5      | Reached skill level 9 in Unarmed Combat
  5507 | D:5      | You pick up a book of Vapours and begin reading...
  5507 | D:5      | You add the spells Poisonous Vapours, Mephitic Cloud and
                  | Freezing Cloud to your library.
  5694 | D:7      | Reached skill level 9 in Shapeshifting
  5694 | D:7      | Reached XP level 10. HP: 41/57 MP: 10/10
  5741 | D:7      | Noticed Joseph
  5819 | D:7      | Killed Joseph
  5820 | D:7      | Reached skill level 10 in Unarmed Combat
  5906 | D:7      | Found a staircase to the Ecumenical Temple.
  5915 | Temple   | Entered the Ecumenical Temple
  5924 | Temple   | Became a worshipper of Ashenzari the Shackled
  6020 | D:7      | Reached skill level 10 in Shapeshifting
  6053 | D:7      | HP: 14/56 [wight/+5 halberd of freezing (2)]
  6380 | D:7      | You pick up a book of the Wilderness and begin reading...
  6380 | D:7      | You add the spells Summon Forest, Summon Mana Viper and
                  | Summon Cactus Giant to your library.
  6391 | D:7      | Found a stormy altar of Qazlal.
  6865 | D:7      | Found a runed translucent door.
  6866 | D:7      | Noticed Crazy Yiuf
  6967 | D:8      | Reached skill level 11 in Shapeshifting
  7083 | D:8      | Noticed a two-headed ogre
  7518 | D:8      | Found a staircase to the Lair.
  7519 | D:8      | You fall into a shaft and drop 3 floors!
  7533 | D:11     | Noticed a kobold demonologist
  7535 | D:11     | Noticed an orange demon
  7640 | D:11     | Found a gate leading to a gauntlet.
  7656 | D:11     | You pick up a book of Misfortune and begin reading...
  7656 | D:11     | You add the spells Inner Flame, Yara's Violent Unravelling
                  | and Enfeeble to your library.
  7660 | Gauntlet | Entered a Gauntlet
  7660 | Gauntlet | Found a transporter.
  7683 | Gauntlet | Noticed a wizard
  7691 | Gauntlet | Found a transporter.
  7700 | Gauntlet | Found a transporter.
  7716 | Gauntlet | Found a transporter.
  7724 | Gauntlet | Found a transporter.
  7728 | Gauntlet | Noticed a fire crab
  7740 | Gauntlet | Found a transporter.
  7759 | Gauntlet | Found a transporter.
  7759 | Gauntlet | Noticed an entropy weaver
  7771 | Gauntlet | Found a transporter.
  7772 | Gauntlet | Noticed an apocalypse crab
  7776 | Gauntlet | Found a transporter.
  7799 | Gauntlet | Found the amulet of the Air {Inacc Air Fly rElec RMsl}
  7803 | Gauntlet | Found a transporter.
  7807 | Gauntlet | Noticed a moth of wrath
  7811 | Gauntlet | Found a transporter.
  7820 | Gauntlet | Found a transporter.
  7829 | Gauntlet | Found a transporter.
  7831 | Gauntlet | Found a transporter.
  7834 | Gauntlet | Noticed a blizzard demon
  7854 | Gauntlet | Found a transporter.
  7856 | Gauntlet | Noticed a reaper
  7859 | Gauntlet | Found a transporter.
  7902 | Gauntlet | Found a transporter.
  7983 | D:10     | Entered Level 10 of the Dungeon
  8015 | D:9      | Noticed a kobold demonologist
  8015 | D:9      | Noticed a kobold demonologist
  8015 | D:9      | Noticed a kobold demonologist
  8024 | D:8      | Reached skill level 6 in Dodging
  8024 | D:8      | Reached XP level 11. HP: 46/63 MP: 11/11
  8072 | D:8      | HP: 15/63 [steam dragon] (6)]
  8560 | D:9      | Noticed a sixfirhy
  8680 | D:9      | Reached * piety under Ashenzari
  8843 | D:9      | Reached skill level 7 in Dodging
  8873 | D:9      | Reached skill level 12 in Shapeshifting
  9224 | D:3      | Bought a +5 ring of evasion for 432 gold pieces
  9479 | D:9      | Found a staircase to the Orcish Mines.
  9958 | Orc:1    | Entered Level 1 of the Orcish Mines
 10126 | Orc:2    | Entered Level 2 of the Orcish Mines
 10184 | Orc:2    | Noticed Rupert
 10269 | Orc:2    | HP: 11/63 [orc warrior/+0 war axe (17)]
 10530 | Orc:2    | Noticed an orc knight
 10588 | Orc:2    | Killed an orc knight
 10689 | Orc:2    | Reached skill level 8 in Dodging
 10727 | Orc:2    | Noticed an orc knight
 10813 | Orc:1    | HP: 9/63 [orc knight/+0 dire flail (26)]
 10817 | Orc:1    | Killed an orc knight
 10874 | Orc:2    | HP: 7/63 [orc warrior/+0 scimitar of holy wrath (15)]
 10946 | Orc:2    | Noticed an orc knight
 11377 | D:10     | Reached skill level 13 in Shapeshifting
 11471 | D:10     | Reached skill level 9 in Dodging
 11476 | D:10     | Reached XP level 12. HP: 31/70 MP: 12/12
 11565 | D:10     | HP: 17/70 [poisoned by a water moccasin]
 11569 | D:10     | HP: 8/70 [water moccasin (3)]
 11570 | D:10     | Slain by a water moccasin

Vanquished Creatures
  2 orc knights
  Joseph (D:7)
  3 kobold demonologists (D:9)
  A troll (D:10)
  Grinder (D:6)
  A hornet (D:8)
  Prince Ribbit (D:6)
  Sigmund (D:3)
  2 shadows
  A wraith (D:9)
  3 steam dragons
  Eustachio (D:6)
  4 wargs (Orc:2)
  2 acid dragons
  26 water moccasins
  2 sky beasts (D:7)
  4 black bears
  Pargi (Sewer)
  11 orc warriors
  2 ice beasts
  6 ogres
  A centaur (D:5)
  5 kobold brigands
  A phantom (Temple)
  5 bullfrogs
  4 scorpions
  A gnoll sergeant (D:10)
  15 wights
  12 killer bees
  4 howler monkeys (D:9)
  5 hounds
  6 orc priests
  5 jellies
  6 iguanas
  3 sleepcaps
  9 orc wizards
  8 gnolls
  21 adders
  2 white imps
  An ufetubus (D:5)
  4 worms
  2 dart slugs
  32 orcs
  4 ball pythons
  11 endoplasms
  4 giant cockroaches
  6 goblins
  11 hobgoblins
  17 kobolds
  6 quokkas
  9 bats
  3 frilled lizards
  24 rats
323 creatures vanquished.

Vanquished Creatures (others)
  An orc warrior (Orc:2)
1 creature vanquished.

Grand Total: 324 creatures vanquished

Table legend:
 A = Non-vault XP
 B = Vault XP
 C = Vault XP percentage of total XP
 D = Non-vault monster count
 E = Vault monster count
 F = Vault count percentage of total count
                 A         B        C        D         E       F
            +---------+---------+-------+---------+---------+-------
      Total |    9861 |    9578 |  49.3 |     215 |     109 |  33.6
            +---------+---------+-------+---------+---------+-------
        D:1 |      40 |       0 |   0.0 |      24 |       0 |   0.0
        D:2 |      32 |      20 |  38.5 |      17 |      19 |  52.8
        D:3 |     288 |     223 |  43.6 |      23 |       1 |   4.2
        D:4 |     295 |      30 |   9.2 |      20 |       4 |  16.7
        D:5 |     751 |     849 |  53.1 |      17 |      15 |  46.9
        D:6 |     965 |     737 |  43.3 |      19 |       3 |  13.6
        D:7 |    1273 |    1545 |  54.8 |      15 |      12 |  44.4
        D:8 |    1990 |       0 |   0.0 |      22 |       0 |   0.0
        D:9 |    2700 |       0 |   0.0 |      34 |       0 |   0.0
       D:10 |     582 |    3274 |  84.9 |       7 |      33 |  82.5
       D:11 |     215 |       0 |   0.0 |       2 |       0 |   0.0
     Temple |       0 |     192 | 100.0 |       0 |       2 | 100.0
      Orc:1 |     165 |     628 |  79.2 |       4 |       1 |  20.0
      Orc:2 |     565 |    1942 |  77.5 |      11 |      15 |  57.7
      Sewer |       0 |     138 | 100.0 |       0 |       4 | 100.0
            +---------+---------+-------+---------+---------+-------

Skill      XL: |  1  2  3  4  5  6  7  8  9 10 11 |
---------------+----------------------------------+-----
Dodging        | 3 4 5 6 9 |  9.3
Unarmed Combat | 4 5 6 7 9 10 | 10.0
Shapeshifting  | 4 5 7 9 11 13 | 13.2
Fighting       | |  1.0

Action                     |  1- 3 |  4- 6 |  7- 9 | 10-12 || total
---------------------------+-------+-------+-------+-------++-------
  Melee: Unarmed           |    87 |    86 |   194 |   449 ||   816
         Constrict         |    25 |    13 |    47 |   111 ||   196
         Tentacles         |    14 |    12 |    55 |   135 ||   216
         Punch             |     4 |     5 |    12 |    33 ||    54
 Invoke: Curse Item        |       |       |       |     3 ||     3
  Evoke: Wand              |       |       |       |     3 ||     3
    Use: Scroll            |     5 |       |     7 |     6 ||    18
         Potion            |       |     6 |     2 |     4 ||    12
   Stab: Sleeping          |     6 |     5 |    11 |     2 ||    24
         Distracted        |     1 |       |     1 |     1 ||     3
 Armour: Skin              |     9 |    32 |    16 |     9 ||    66
  Dodge: Dodged            |    47 |    45 |   122 |   472 ||   686
   Form: Flux              |       |       |       |     2 ||     2
         Beast             |       |       |       |     1 ||     1

Illustrated notes

Table legend:
 A = Kills in this place as a percentage of kills in the entire game.
 B = Kills by you in this place as a percentage of kills by you in the entire game.
 C = Kills by friends in this place as a percentage of kills by friends in the entire game.
 D = Other kills in this place as a percentage of other kills in the entire game.
 E = Experience gained in this place as a percentage of experience gained in the entire game.
 F = Experience gained in this place divided by the number of levels of this place that you have seen.
                   A       B       C       D       E      F
               +-------+-------+-------+-------+-------+----------------------
         Total | 100.0 | 100.0 |   N/A | 100.0 | 100.0 | 1214.9
       Dungeon |  88.6 |  88.9 |   N/A |   0.0 |  81.3 | 1437.2
        Temple |   0.6 |   0.6 |   N/A |   0.0 |   1.0 | 192.0
  Orcish Mines |   9.6 |   9.3 |   N/A | 100.0 |  17.0 | 1650.0
         Sewer |   1.2 |   1.2 |   N/A |   0.0 |   0.7 | 138.0
               +-------+-------+-------+-------+-------+----------------------

Table legend: (Time is in decaauts)
 A = Elapsed time spent in this place.
 B = Non-inter-level travel time spent in this place.
 C = Inter-level travel time spent in this place.
 D = Time resting spent in this place.
 E = Time spent auto-exploring this place.
 F = Levels seen in this place.
 G = Mean time per level.
                   A        B        C        D        E       F      G
               +--------+--------+--------+--------+--------+-----+--------+
         Total |  11470 |  10727 |    743 |    588 |   7587 |  16 |  716.9 |
       Dungeon |   9897 |   9183 |    714 |    362 |   6690 |  11 |  899.7 |
        Temple |     68 |     52 |     16 |     31 |      0 |   1 |   68.0 |
  Orcish Mines |   1115 |   1102 |     13 |    174 |    621 |   2 |  557.5 |
         Sewer |     86 |     86 |      0 |      0 |     29 |   1 |   86.0 |
      Gauntlet |    301 |    301 |      0 |     21 |    247 |   1 |  301.0 |
               +--------+--------+--------+--------+--------+-----+--------+

Top non-repeatable levels by time:
     D:7: 1254 daAuts
     D:6: 1215 daAuts
     D:8: 1212 daAuts
     D:9: 1155 daAuts
     D:2: 1124 daAuts
     D:5: 1079 daAuts
     D:3: 837 daAuts
     D:1: 804 daAuts
   Orc:2: 778 daAuts
     D:4: 606 daAuts
    D:10: 448 daAuts
   Orc:1: 337 daAuts
Gauntlet: 301 daAuts
    D:11: 160 daAuts
   Sewer: 86 daAuts
